Workbook

Sheet Business Result
A1: FINANCIAL HIGHLIGHTS FOR THE YEAR ENDED 31ST MARCH 2026
N2: (All figures in Rs Cr)
A3: Particulars | B3: Gross Direct Premium (in India) | C3: Long term premiums not acccounted | D3: Gross Written Premium | E3: Net Premium | F3: Net Earned Premium | G3: Gross Incurred Claims | H3: Net Incurred Claims | I3: Commission Net | J3: Mgmt. Expenses | K3: Pure Underwriting results | L3: Premium deficiency | M3: Exchange loss/gain & Other income /Outgo | N3: Transfer from shareholder funds (**) | O3: Investment income allocated to Policyholders | P3: Operating Profit
A4: General Insurers
A5: Acko General Insurance Ltd | B5: 2588.22 | C5: 107.67 | D5: 2731.68 | E5: 2023.65 | F5: 1917.91 | G5: 2886.89 | H5: 1270.74 | I5: 230.8 | J5: 623.13 | K5: =F5-H5-I5-J5 -> -206.76 | L5: 0 | N5: 140.81 | O5: 213.93 | P5: =SUM(K5:O5) -> 147.98
A6: Bajaj General Insurance Limited | B6: 23178.52 | C6: 951.47 | D6: 23325.82 | E6: 10081.72 | F6: 9518.81 | G6: 15840.04 | H6: 6906.68 | I6: 687.4 | J6: 2365.52 | K6: =F6-H6-I6-J6 -> -440.79 | L6: 0 | M6: -10 | N6: 35.94 | O6: 2194.78 | P6: =SUM(K6:O6) -> 1779.93
A7: Cholamandalam MS General Insurance Co Ltd | B7: 7762.06 | C7: 410.41 | D7: 8904.22 | E7: 6599.75 | F7: 6603.68 | G7: 6312.3 | H7: 5361.09 | I7: 1442.44 | J7: 804.15 | K7: =F7-H7-I7-J7 -> -1004 | L7: 0 | M7: 1.02 | N7: 2.91 | O7: 1226.63 | P7: =SUM(K7:O7) -> 226.56
A8: Generali Central Insurance Company Limited | B8: 5233.09 | C8: 106.33 | D8: 5866.5 | E8: 3551.56 | F8: 3629.35 | G8: 4280.14 | H8: 2881.5 | I8: 619.77 | J8: 661.89 | K8: =F8-H8-I8-J8 -> -533.81 | L8: 0 | M8: 4.53 | N8: 10.17 | O8: 474.94 | P8: =SUM(K8:O8) -> -44.17
A9: Go Digit General Insurance Ltd | B9: 9846.14 | C9: 303.36 | D9: 11294.09 | E9: 8321.33 | F9: 8414.34 | G9: 7402.75 | H9: 6133.02 | I9: 2344.24 | J9: 802.58 | K9: =F9-H9-I9-J9 -> -865.5 | L9: 0 | M9: 0.62 | N9: 469.53 | O9: 1312.74 | P9: =SUM(K9:O9) -> 917.39
A10: HDFC Ergo General Insurance Co Ltd | B10: 15025.19 | C10: 2285.38 | D10: 15768.76 | E10: 6505.94 | F10: 6857.86 | G10: 11657.74 | H10: 6135.77 | I10: -377.36 | J10: 2136.73 | K10: =F10-H10-I10-J10 -> -1037.28 | L10: 0 | M10: 7.83 | N10: 6.77 | O10: 1822.81 | P10: =SUM(K10:O10) -> 800.13
A11: ICICI Lombard General Insurance Co Ltd | B11: 28712.46 | C11: 1620.33 | D11: 30618.09 | E11: 23374.48 | F11: 22263.57 | G11: 19669.14 | H11: 15828.47 | I11: 4484.19 | J11: 3058.55 | K11: =F11-H11-I11-J11 -> -1107.64 | L11: 0 | M11: 78.8 | N11: 5.21 | O11: 3547.36 | P11: =SUM(K11:O11) -> 2523.73
A12: IFFCO-Tokio General Insurance Co Ltd | B12: 8948.02 | C12: 79.82 | D12: 9333.92 | E12: 6147.28 | F12: 5948.7 | G12: 7100.05 | H12: 5064.05 | I12: 1106.9 | J12: 991.6 | K12: =F12-H12-I12-J12 -> -1213.85 | L12: 0 | M12: -2.59 | N12: 0 | O12: 1072.02 | P12: =SUM(K12:O12) -> -144.42
A13: IndusInd General Insurance Company Limited | B13: 12236.6 | C13: 775.56 | D13: 12743.11 | E13: 6797.55 | F13: 7021.32 | G13: 10587.98 | H13: 5809.17 | I13: 1464.94 | J13: 1398.11 | K13: =F13-H13-I13-J13 -> -1650.9 | L13: 0 | M13: 6.48 | N13: 131.38 | O13: 1533.94 | P13: =SUM(K13:O13) -> 20.9
A14: Kshema General insurance | B14: 1056.46 | C14: 0 | D14: 1056.46 | E14: 587.53 | F14: 586.13 | G14: 808.29 | H14: 425.7 | I14: -18.73 | J14: 225.54 | K14: =F14-H14-I14-J14 -> -46.38 | L14: 0 | M14: 33.77 | O14: 12.15 | P14: =SUM(K14:O14) -> -0.46
A15: Liberty General Insurance Co. Ltd | B15: 2814.82 | C15: 3.32 | D15: 3792.84 | E15: 3457.12 | F15: 2906.39 | G15: 2618.36 | H15: 2442.84 | I15: 736.43 | J15: 377.84 | K15: =F15-H15-I15-J15 -> -650.72 | L15: 0 | M15: 0.94 | N15: 6.17 | O15: 289.31 | P15: =SUM(K15:O15) -> -354.3
A16: Magma General Insurance Limited | B16: 3615.48 | C16: 16.44 | D16: 4056.57 | E16: 3351.78 | F16: 3346.8 | G16: 3112.3 | H16: 2795.35 | I16: 710.9 | J16: 392.21 | K16: =F16-H16-I16-J16 -> -551.66 | L16: 0 | M16: 1.23 | N16: 0 | O16: 528.3 | P16: =SUM(K16:O16) -> -22.13
A17: Navi General Insurance Co. Ltd | B17: 142.07 | C17: 13.1 | D17: 202.62 | E17: 190.67 | F17: 183.77 | G17: 196.69 | H17: 186.74 | I17: 12.74 | J17: 41.17 | K17: =F17-H17-I17-J17 -> -56.88 | L17: 0 | M17: 0 | N17: 0 | O17: 37.68 | P17: =SUM(K17:O17) -> -19.2
A18: Raheja QBE General Insurance Co Ltd | B18: 374.42 | C18: 0.45 | D18: 612.38 | E18: 401.36 | F18: 449.59 | G18: 510.17 | H18: 419.59 | I18: 82.3 | J18: 87.63 | K18: =F18-H18-I18-J18 -> -139.93 | L18: 0 | M18: 0 | N18: 0 | O18: 54.15 | P18: =SUM(K18:O18) -> -85.78
A19: Royal Sundaram General Insurance Co Ltd | B19: 4396.32 | C19: 31.85 | D19: 4638.31 | E19: 3638.55 | F19: 3430.15 | G19: 3089.9 | H19: 2708.56 | I19: 892.8 | J19: 436.07 | K19: =F19-H19-I19-J19 -> -607.28 | L19: 0 | M19: 1.26 | N19: 0.7 | O19: 663.21 | P19: =SUM(K19:O19) -> 57.89
A20: SBI General Insurance Co Ltd | B20: 15904.42 | C20: 415.42 | D20: 16094.58 | E20: 10178.87 | F20: 9784.61 | G20: 11314.46 | H20: 7660.2 | I20: 1560.82 | J20: 1651.84 | K20: =F20-H20-I20-J20 -> -1088.25 | L20: 0 | M20: 0 | N20: 0 | O20: 1457.96 | P20: =SUM(K20:O20) -> 369.71
A21: Shriram General Insurance Co Ltd | B21: 4635.51 | C21: 2.47 | D21: 4853.28 | E21: 4248.4 | F21: 3925.43 | G21: 2983.2 | H21: 2743.98 | I21: 942.4 | J21: 444.19 | K21: =F21-H21-I21-J21 -> -205.14 | L21: 0 | M21: 0.5 | O21: 854.74 | P21: =SUM(K21:O21) -> 650.1
A22: Tata AIG General Insurance Co Ltd | B22: 20050.2 | C22: 1029.12 | D22: 20748.69 | E22: 11697.23 | F22: 11661.81 | G22: 15534.19 | H22: 7902.58 | I22: 3029.43 | J22: 2104.59 | K22: =F22-H22-I22-J22 -> -1374.79 | L22: 0 | M22: 3.89 | N22: 1024.62 | O22: 2288.66 | P22: =SUM(K22:O22) -> 1942.38
A23: Universal Sompo General Insurance Co Ltd | B23: 6008.18 | C23: 39.23 | D23: 6016.96 | E23: 3153.36 | F23: 2564.81 | G23: 3394.74 | H23: 1897.93 | I23: 307.07 | J23: 443.22 | K23: =F23-H23-I23-J23 -> -83.41 | L23: 0 | M23: -8.07 | N23: 3.85 | O23: 353.55 | P23: =SUM(K23:O23) -> 265.92
A24: Zuno General Insurance Co Ltd | B24: 1219.15 | C24: 6 | D24: 1293.83 | E24: 723.5 | F24: 660.78 | G24: 885.65 | H24: 556.56 | I24: 126.05 | J24: 160.18 | K24: =F24-H24-I24-J24 -> -182.01 | L24: 0 | M24: 1.15 | N24: 8.11 | O24: 127.42 | P24: =SUM(K24:O24) -> -45.33
A25: Zurich Kotak Mahindra General Insurance Co Ltd | B25: 2238.7 | C25: 239.8 | D25: 2327.72 | E25: 1737.48 | F25: 1672.05 | G25: 1765.88 | H25: 1461.52 | I25: 369.72 | J25: 451.75 | K25: =F25-H25-I25-J25 -> -610.94 | L25: 1.06 | M25: 0.59 | N25: 172.58 | O25: 211.09 | P25: =SUM(K25:O25) -> -225.62
A26: Private Insurers - Sub Total | B26: =SUM(B5:B25) -> 175986.03 | C26: =SUM(C5:C25) -> 8437.53 | D26: =SUM(D5:D25) -> 186280.43 | E26: =SUM(E5:E25) -> 116769.11 | F26: =SUM(F5:F25) -> 113347.86 | G26: =SUM(G5:G25) -> 131950.86 | H26: =SUM(H5:H25) -> 86592.04 | I26: =SUM(I5:I25) -> 20755.25 | ... P26: =SUM(P5:P25) -> 8761.21
A27: Previous period as on 31.03.2025 | B27: 162897.7 | C27: 4183.64 | D27: 169508.91 | E27: 107514.21 | F27: 106607.47 | G27: 121605.7 | H27: 82625.34 | I27: 18201.59 | J27: 18178.6 | K27: -12398.06 | L27: -0.63 | M27: 164.42 | N27: 1336.5 | O27: 18621.89 | P27: 7724.12
A29: PSU's
A30: National Insurance Co Ltd | B30: 17734.98 | C30: 110.59 | D30: 18226.64 | E30: 15857.4 | F30: 15340.98 | G30: 16084.64 | H30: 14699.22 | I30: 1910.31 | J30: 5098.23 | K30: =F30-H30-I30-J30 -> -6366.78 | L30: 0 | M30: 0 | N30: 1733.14 | O30: 3778.33 | P30: =SUM(K30:O30) -> -855.31
A31: The New India Assurance Co Ltd | B31: 46023.46 | C31: 40.5 | D31: 47173.8 | E31: 39330.61 | F31: 38462.24 | G31: 42377.47 | H31: 37942.15 | I31: 3836.43 | J31: 5565.5 | K31: =F31-H31-I31-J31 -> -8881.84 | L31: 0 | M31: 0 | N31: 0 | O31: 8036.95 | P31: =SUM(K31:O31) -> -844.89
A32: The Oriental Insurance Co Ltd | B32: 21027.35 | C32: 105.59 | D32: 21398.41 | E32: 16007.72 | F32: 15933.07 | G32: 23255 | H32: 18051.51 | I32: 1265.09 | J32: 3924.24 | K32: =F32-H32-I32-J32 -> -7307.77 | L32: 0 | M32: 0 | N32: 0 | O32: 3266.9 | P32: =SUM(K32:O32) -> -4040.87
A33: United India Insurance Co Ltd | B33: 21422.2 | C33: 41.8 | D33: 21684.61 | E33: 18769.12 | F33: 18197.47 | G33: 20278.2 | H33: 18449.81 | I33: 3069.99 | J33: 5013.37 | K33: =F33-H33-I33-J33 -> -8335.7 | L33: 0 | M33: 1.36 | N33: 1766 | O33: 3575.38 | P33: =SUM(K33:O33) -> -2992.96
A34: PSU's- Sub total | B34: =SUM(B30:B33) -> 106207.99 | C34: =SUM(C30:C33) -> 298.48 | D34: =SUM(D30:D33) -> 108483.46 | E34: =SUM(E30:E33) -> 89964.85 | F34: =SUM(F30:F33) -> 87933.76 | G34: =SUM(G30:G33) -> 101995.31 | H34: =SUM(H30:H33) -> 89142.69 | I34: =SUM(I30:I33) -> 10081.82 | ... P34: =SUM(P30:P33) -> -8734.03
A35: Previous period as on 31.03.2025 | B35: 99225.31 | C35: 295.5 | D35: 101771.91 | E35: 86193.26 | F35: 83668.97 | G35: 90158.17 | H35: 81410.79 | I35: 8049.24 | J35: 12575.35 | K35: -18366.41 | L35: 0 | M35: 1.16 | N35: 0 | O35: 17046.84 | P35: -1318.41
A37: General Insurers - Sub total | B37: =B34+B26 -> 282194.02 | C37: =C34+C26 -> 8736.01 | D37: =D34+D26 -> 294763.89 | E37: =E34+E26 -> 206733.96 | F37: =F34+F26 -> 201281.62 | G37: =G34+G26 -> 233946.17 | H37: =H34+H26 -> 175734.73 | I37: =I34+I26 -> 30837.07 | ... P37: =P34+P26 -> 27.18
A38: Previous period as on 31.03.2025 | B38: =B35+B27 -> 262123.01 | C38: =C35+C27 -> 4479.14 | D38: =D35+D27 -> 271280.82 | E38: =E35+E27 -> 193707.47 | F38: =F35+F27 -> 190276.44 | G38: =G35+G27 -> 211763.87 | H38: =H35+H27 -> 164036.13 | I38: =I35+I27 -> 26250.83 | ... P38: =P35+P27 -> 6405.71
A40: Stand-alone Health Insurers
A41: Aditya Birla Health Insurance Co Ltd | B41: 6238.26 | C41: 436.83 | D41: 6855.24 | E41: 5001.29 | F41: 4367.31 | G41: 4048.6 | H41: 3332.89 | I41: 351.97 | J41: 997.19 | K41: =F41-H41-I41-J41 -> -314.74 | L41: 0 | M41: 0 | N41: 5.92 | O41: 289.79 | P41: =SUM(K41:O41) -> -19.03
A42: Care Health Insurance Ltd | B42: 10031.3 | C42: 1000.27 | D42: 10416.45 | E42: 7727.74 | F42: 7255.94 | G42: 6594.76 | H42: 5050.89 | I42: 1482.79 | J42: 1386.72 | K42: =F42-H42-I42-J42 -> -664.46 | L42: 0 | M42: 0 | N42: 9.91 | O42: 503.34 | P42: =SUM(K42:O42) -> -151.21
A43: Galaxy Health Insurance Company Ltd | B43: 148.14 | C43: 12.25 | D43: 148.14 | E43: 140.99 | F43: 78.5 | G43: 28.36 | H43: 26.96 | I43: 24.45 | J43: 147.37 | K43: =F43-H43-I43-J43 -> -120.28 | L43: 0 | N43: 112.08 | O43: 4.83 | P43: =SUM(K43:O43) -> -3.37
A44: ManipalCigna Health Insurance Co Ltd | B44: 2212.96 | C44: 189.99 | D44: 2510.23 | E44: 2418.23 | F44: 2147.42 | G44: 1905.3 | H44: 1839.49 | I44: 371.82 | J44: 477.34 | K44: =F44-H44-I44-J44 -> -541.23 | L44: 0 | O44: 142.09 | P44: =SUM(K44:O44) -> -399.14
A45: Niva Bupa Health Insurance Company limited | B45: 8585.92 | C45: 846.99 | D45: 8585.92 | E45: 6806.3 | F45: 6067.57 | G45: 5069.74 | H45: 4132.58 | I45: 1226.76 | J45: 1174.55 | K45: =F45-H45-I45-J45 -> -466.32 | L45: 0 | N45: 1.34 | O45: 404.76 | P45: =SUM(K45:O45) -> -60.22
A46: Narayana Health Insurance Ltd | B46: 43.84 | C46: 0.73 | D46: 43.84 | E46: 42.09 | F46: 16.25 | G46: 6.91 | H46: 14.62 | I46: 1.02 | J46: 26.87 | K46: =F46-H46-I46-J46 -> -26.26 | L46: 0 | M46: 0 | N46: 12.75 | O46: 2.43 | P46: =SUM(K46:O46) -> -11.08
A47: Star Health & Allied Insurance Co Ltd | B47: 18606.43 | C47: 1763.47 | D47: 18621.92 | E47: 17650.25 | F47: 16596.69 | G47: 12070.56 | H47: 11375.15 | I47: 2673.33 | J47: 2959.83 | K47: =F47-H47-I47-J47 -> -411.62 | L47: 0 | M47: 1.01 | N47: 5.91 | O47: 767.31 | P47: =SUM(K47:O47) -> 362.61
A48: Stand Alone Health Cos Sub Total | B48: =SUM(B41:B47) -> 45866.85 | C48: =SUM(C41:C47) -> 4250.53 | D48: =SUM(D41:D47) -> 47181.74 | E48: =SUM(E41:E47) -> 39786.89 | F48: =SUM(F41:F47) -> 36529.68 | G48: =SUM(G41:G47) -> 29724.23 | H48: =SUM(H41:H47) -> 25772.58 | I48: =SUM(I41:I47) -> 6132.14 | ... P48: =SUM(P41:P47) -> -281.44
A49: Previous period as on 31.03.2025 | B49: 38435.25 | C49: 2509.37 | D49: 39018.96 | E49: 33168.79 | F49: 31123.95 | G49: 24068.68 | H49: 21182.9 | I49: 5360.16 | J49: 6216.14 | K49: -1635.25 | L49: 0 | M49: 26.03 | N49: 465.29 | O49: 1723.88 | P49: 579.95
A51: General Insurers including SAHI Companies | B51: =SUM(B37+B48) -> 328060.87 | C51: =SUM(C37+C48) -> 12986.54 | D51: =SUM(D37+D48) -> 341945.63 | E51: =SUM(E37+E48) -> 246520.85 | F51: =SUM(F37+F48) -> 237811.3 | G51: =SUM(G37+G48) -> 263670.4 | H51: =SUM(H37+H48) -> 201507.31 | I51: =SUM(I37+I48) -> 36969.21 | ... P51: =SUM(P37+P48) -> -254.26
A52: Previous period as on 31.03.2025 | B52: =B38+B49 -> 300558.26 | C52: =C38+C49 -> 6988.51 | D52: =D38+D49 -> 310299.78 | E52: =E38+E49 -> 226876.26 | F52: =F38+F49 -> 221400.39 | G52: =G38+G49 -> 235832.55 | H52: =H38+H49 -> 185219.03 | I52: =I38+I49 -> 31610.99 | ... P52: =P38+P49 -> 6985.66
A54: Specialized Companies
A55: Agriculture Insurance Co Of India Ltd | B55: 10278.6 | D55: 10503.32 | E55: 6231.78 | F55: 6136.9 | G55: 9405.18 | H55: 5970.97 | I55: -366.18 | J55: 478.03 | K55: =F55-H55-I55-J55 -> 54.08 | L55: -4.35 | M55: 0 | N55: 4.89 | O55: 941.28 | P55: =SUM(K55:O55) -> 995.9
A56: ECGC Ltd | B56: 1459.11 | D56: 1459.11 | E56: 1213.81 | F56: 1172.79 | G56: 692.31 | H56: 388.54 | I56: -14.28 | J56: 390.47 | K56: =F56-H56-I56-J56 -> 408.06 | L56: 0 | M56: 0 | N56: 7.02 | O56: 344.17 | P56: =SUM(K56:O56) -> 759.25
A57: Total - Specialized companies | B57: =SUM(B55:B56) -> 11737.71 | C57: 0 | D57: =SUM(D55:D56) -> 11962.43 | E57: =SUM(E55:E56) -> 7445.59 | F57: =SUM(F55:F56) -> 7309.69 | G57: =SUM(G55:G56) -> 10097.49 | H57: =SUM(H55:H56) -> 6359.51 | I57: =SUM(I55:I56) -> -380.46 | J57: =SUM(J55:J56) -> 868.5 | K57: =SUM(K55:K56) -> 462.14 | ... P57: =SUM(P55:P56) -> 1755.15
A58: Previous period as on 31.03.2025 | B58: 11108.1 | C58: 0 | D58: 11210.87 | E58: 6035.95 | F58: 6137.79 | G58: 7348.79 | H58: 3375.15 | I58: -188.22 | J58: 839.55 | K58: 2111.31 | L58: 12.52 | M58: 8.79 | N58: 0 | O58: 1317.93 | P58: 3450.55
A60: Industry Total | B60: =SUM(B51+B57) -> 339798.58 | C60: =SUM(C51+C57) -> 12986.54 | D60: =SUM(D51+D57) -> 353908.06 | E60: =SUM(E51+E57) -> 253966.44 | F60: =SUM(F51+F57) -> 245120.99 | G60: =SUM(G51+G57) -> 273767.89 | H60: =SUM(H51+H57) -> 207866.82 | I60: =SUM(I51+I57) -> 36588.75 | ... P60: =SUM(P51+P57) -> 1500.89
A61: Previous period as on 31.03.2025 | B61: =B52+B58 -> 311666.36 | C61: =C52+C58 -> 6988.51 | D61: =D52+D58 -> 321510.65 | E61: =E52+E58 -> 232912.21 | F61: =F52+F58 -> 227538.18 | G61: =G52+G58 -> 243181.34 | H61: =H52+H58 -> 188594.18 | I61: =I52+I58 -> 31422.77 | ... P61: =P52+P58 -> 10436.21
A62: % Change over previous period | B62: =(B60-B61)/B61 -> 0.090263896 | C62: =(C60-C61)/C61 -> 0.85827022 | D62: =(D60-D61)/D61 -> 0.10076621 | E62: =(E60-E61)/E61 -> 0.090395561 | F62: =(F60-F61)/F61 -> 0.077274108 | G62: =(G60-G61)/G61 -> 0.12577671 | H62: =(H60-H61)/H61 -> 0.10219106 | I62: =(I60-I61)/I61 -> 0.16440244 | ... P62: =(P60-P61)/P61 -> -0.85618438
A63: Note:
A64: ** Contribution from shareholders' funds are divided into two parts:
A65: (i) Towards Expenses of Management
A66: (ii) Towards Remuneration of KMP/CEO's etc.
A67: Source: NL1-47 of 25-26 last quarter
C69: Foreign Premium
B70: National | C70: 61.43
B71: New India | C71: 3192.04
B72: Oriental | C72: 386.04
C73: =SUM(C70:C72) -> 3639.51 | F73: Market shares
F74: 25-26 | G74: 24-25
E75: Pvt Sector | F75: =B26/$B$60 -> 0.51791279 | G75: 0.52266693
A76: Gross Direct Premium - Total | B76: =B60 -> 339798.58 | E76: PSU's | F76: =B34/$B$60 -> 0.31256161 | G76: 0.31837029
A77: Gross Direct Premium out of India | B77: =C73 -> 3639.51 | E77: Health cos | F77: =B48/B60 -> 0.13498247 | G77: 0.12332178
A78: Gross Direct Premium in India (GDPI) | B78: =B76-B77 -> 336159.07 | E78: Others | F78: =B57/B60 -> 0.03454314 | G78: 0.035640998
A80: Long term premium + GDPI for year 25-26 | B80: =B78+C60 -> 349145.61 | F80: =SUM(F75:F78) -> 1 | G80: =SUM(G75:G78) -> 1
A81: Long term premium + GDPI for year 24-25 | B81: 314682.06
B82: =B80/B81-1 -> 0.10951864

Sheet Profit & Ratios
A2: FINANCIAL HIGHLIGHTS FOR THE YEAR ENDED 31ST MARCH 2026 | M2: (All figures in Rs Cr)
A3: Particulars | B3: Operating Profit | C3: Investment Income allocated to Shareholders' fund | D3: Transfer to Policyholders | E3: Other Income less Other Outgo | F3: Profit/ (Loss) Before Tax | G3: Profit/ (Loss) After Tax | H3: Gross Incurred Claims Ratio (%) | I3: Net retention (NP/GWP) - in %tage | J3: Net Incurred Claims/NEP (%) | K3: Commission/NWP | L3: Expenses of Mgmt. / NWP | M3: Combined Ratio (IRDAI circular Ref: IRDA/F&I/CIR/F&A/231/10/2012)
A4: General Insurers
A5: Acko General Insurance Ltd | B5: ='Business Result'!P5 -> 147.98 | C5: 51.16 | D5: =-'Business Result'!N5 -> -140.81 | E5: -14.69 | F5: =SUM(B5:E5) -> 43.64 | G5: =F5 -> 43.64 | H5: ='Business Result'!G5/'Business Result'!D5 -> 1.0568185 | I5: ='Business Result'!E5/'Business Result'!D5 -> 0.74080785 | J5: ='Business Result'!H5/'Business Result'!F5 -> 0.66256498 | K5: ='Business Result'!I5/'Business Result'!E5 -> 0.11405134 | L5: ='Business Result'!J5/'Business Result'!E5 -> 0.3079238 | M5: =SUM(J5+K5+L5) -> 1.0845401
A6: Bajaj General Insurance Limited | B6: ='Business Result'!P6 -> 1779.93 | C6: 889.21 | D6: =-'Business Result'!N6 -> -35.94 | E6: -55.5 | F6: =SUM(B6:E6) -> 2577.7 | G6: 1941.5 | H6: ='Business Result'!G6/'Business Result'!D6 -> 0.67907752 | I6: ='Business Result'!E6/'Business Result'!D6 -> 0.43221289 | J6: ='Business Result'!H6/'Business Result'!F6 -> 0.72558229 | K6: ='Business Result'!I6/'Business Result'!E6 -> 0.06818281 | L6: ='Business Result'!J6/'Business Result'!E6 -> 0.23463457 | M6: =SUM(J6+K6+L6) -> 1.0283997
A7: Cholamandalam MS General Insurance Co Ltd | B7: ='Business Result'!P7 -> 226.56 | C7: 221.01 | D7: =-'Business Result'!N7 -> -2.91 | E7: 0.37 | F7: =SUM(B7:E7) -> 445.03 | G7: 330.63 | H7: ='Business Result'!G7/'Business Result'!D7 -> 0.70891106 | I7: ='Business Result'!E7/'Business Result'!D7 -> 0.7411935 | J7: ='Business Result'!H7/'Business Result'!F7 -> 0.8118337 | K7: ='Business Result'!I7/'Business Result'!E7 -> 0.21855979 | L7: ='Business Result'!J7/'Business Result'!E7 -> 0.12184552 | M7: =SUM(J7+K7+L7) -> 1.152239
A8: Generali Central Insurance Company Limited | B8: ='Business Result'!P8 -> -44.17 | C8: 159.89 | D8: =-'Business Result'!N8 -> -10.17 | E8: -100.5 | F8: =SUM(B8:E8) -> 5.05 | G8: 3.39 | H8: ='Business Result'!G8/'Business Result'!D8 -> 0.72959005 | I8: ='Business Result'!E8/'Business Result'!D8 -> 0.60539674 | J8: ='Business Result'!H8/'Business Result'!F8 -> 0.79394382 | K8: ='Business Result'!I8/'Business Result'!E8 -> 0.17450641 | L8: ='Business Result'!J8/'Business Result'!E8 -> 0.18636599 | M8: =SUM(J8+K8+L8) -> 1.1548162
A9: Go Digit General Insurance Ltd | B9: ='Business Result'!P9 -> 917.39 | C9: 278.2 | D9: =-'Business Result'!N9 -> -469.53 | E9: =-96.8+2.43 -> -94.37 | F9: =SUM(B9:E9) -> 631.69 | G9: 544.35 | H9: ='Business Result'!G9/'Business Result'!D9 -> 0.65545343 | I9: ='Business Result'!E9/'Business Result'!D9 -> 0.73678623 | J9: ='Business Result'!H9/'Business Result'!F9 -> 0.72887713 | K9: ='Business Result'!I9/'Business Result'!E9 -> 0.28171458 | L9: ='Business Result'!J9/'Business Result'!E9 -> 0.096448524 | M9: =SUM(J9+K9+L9) -> 1.1070402
A10: HDFC Ergo General Insurance Co Ltd | B10: ='Business Result'!P10 -> 800.13 | C10: 450.27 | D10: =-'Business Result'!N10 -> -6.77 | E10: -164.01 | F10: =SUM(B10:E10) -> 1079.62 | G10: 813.12 | H10: ='Business Result'!G10/'Business Result'!D10 -> 0.73929339 | I10: ='Business Result'!E10/'Business Result'!D10 -> 0.41258412 | J10: ='Business Result'!H10/'Business Result'!F10 -> 0.89470622 | K10: ='Business Result'!I10/'Business Result'!E10 -> -0.058002379 | L10: ='Business Result'!J10/'Business Result'!E10 -> 0.32842756 | M10: =SUM(J10+K10+L10) -> 1.1651314
A11: ICICI Lombard General Insurance Co Ltd | B11: ='Business Result'!P11 -> 2523.73 | C11: 1183.5 | D11: =-'Business Result'!N11 -> -5.21 | E11: -43.09 | F11: =SUM(B11:E11) -> 3658.93 | G11: 2771.94 | H11: ='Business Result'!G11/'Business Result'!D11 -> 0.64240258 | I11: ='Business Result'!E11/'Business Result'!D11 -> 0.76342058 | J11: ='Business Result'!H11/'Business Result'!F11 -> 0.71095831 | K11: ='Business Result'!I11/'Business Result'!E11 -> 0.19184127 | L11: ='Business Result'!J11/'Business Result'!E11 -> 0.13084997 | M11: =SUM(J11+K11+L11) -> 1.0336495
A12: IFFCO-Tokio General Insurance Co Ltd | B12: ='Business Result'!P12 -> -144.42 | C12: 285.88 | E12: 10.78 | F12: =SUM(B12:E12) -> 152.24 | G12: 114.88 | H12: ='Business Result'!G12/'Business Result'!D12 -> 0.76067183 | I12: ='Business Result'!E12/'Business Result'!D12 -> 0.65859575 | J12: ='Business Result'!H12/'Business Result'!F12 -> 0.85128684 | K12: ='Business Result'!I12/'Business Result'!E12 -> 0.18006338 | L12: ='Business Result'!J12/'Business Result'!E12 -> 0.16130711 | M12: =SUM(J12+K12+L12) -> 1.1926573
A13: IndusInd General Insurance Company Limited | B13: ='Business Result'!P13 -> 20.9 | C13: 298.25 | D13: =-'Business Result'!N13 -> -131.38 | E13: -62.86 | F13: =SUM(B13:E13) -> 124.91 | G13: 90.81 | H13: ='Business Result'!G13/'Business Result'!D13 -> 0.8308788 | I13: ='Business Result'!E13/'Business Result'!D13 -> 0.53342944 | J13: ='Business Result'!H13/'Business Result'!F13 -> 0.82736152 | K13: ='Business Result'!I13/'Business Result'!E13 -> 0.21551 | L13: ='Business Result'!J13/'Business Result'!E13 -> 0.20567852 | M13: =SUM(J13+K13+L13) -> 1.24855
A14: Kshema General insurance | B14: ='Business Result'!P14 -> -0.46 | C14: 11.19 | E14: 2.34 | F14: =SUM(B14:E14) -> 13.07 | G14: 9.09 | H14: ='Business Result'!G14/'Business Result'!D14 -> 0.76509286 | I14: ='Business Result'!E14/'Business Result'!D14 -> 0.55613085 | J14: ='Business Result'!H14/'Business Result'!F14 -> 0.72628939 | K14: ='Business Result'!I14/'Business Result'!E14 -> -0.031879223 | L14: ='Business Result'!J14/'Business Result'!E14 -> 0.38387827 | M14: =SUM(J14+K14+L14) -> 1.0782884
A15: Liberty General Insurance Co. Ltd | B15: ='Business Result'!P15 -> -354.3 | C15: 85.19 | D15: =-'Business Result'!N15 -> -6.17 | E15: =-3.72+0.85 -> -2.87 | F15: =SUM(B15:E15) -> -278.15 | G15: -278.15 | H15: ='Business Result'!G15/'Business Result'!D15 -> 0.69034286 | I15: ='Business Result'!E15/'Business Result'!D15 -> 0.91148585 | J15: ='Business Result'!H15/'Business Result'!F15 -> 0.84050661 | K15: ='Business Result'!I15/'Business Result'!E15 -> 0.21301835 | L15: ='Business Result'!J15/'Business Result'!E15 -> 0.10929328 | M15: =SUM(J15+K15+L15) -> 1.1628182
A16: Magma General Insurance Limited | B16: ='Business Result'!P16 -> -22.13 | C16: 110.35 | D16: 0 | E16: -41.67 | F16: =SUM(B16:E16) -> 46.55 | G16: 28.79 | H16: ='Business Result'!G16/'Business Result'!D16 -> 0.76722453 | I16: ='Business Result'!E16/'Business Result'!D16 -> 0.82625962 | J16: ='Business Result'!H16/'Business Result'!F16 -> 0.83523067 | K16: ='Business Result'!I16/'Business Result'!E16 -> 0.21209626 | L16: ='Business Result'!J16/'Business Result'!E16 -> 0.11701544 | M16: =SUM(J16+K16+L16) -> 1.1643424
A17: Navi General Insurance Co. Ltd | B17: ='Business Result'!P17 -> -19.2 | C17: 14.31 | E17: -0.25 | F17: =SUM(B17:E17) -> -5.14 | G17: 34.58 | H17: ='Business Result'!G17/'Business Result'!D17 -> 0.97073339 | I17: ='Business Result'!E17/'Business Result'!D17 -> 0.9410226 | J17: ='Business Result'!H17/'Business Result'!F17 -> 1.0161615 | K17: ='Business Result'!I17/'Business Result'!E17 -> 0.066817014 | L17: ='Business Result'!J17/'Business Result'!E17 -> 0.2159228 | M17: =SUM(J17+K17+L17) -> 1.2989013
A18: Raheja QBE General Insurance Co Ltd | B18: ='Business Result'!P18 -> -85.78 | C18: 17.44 | E18: 0 | F18: =SUM(B18:E18) -> -68.34 | G18: -74.44 | H18: ='Business Result'!G18/'Business Result'!D18 -> 0.83309383 | I18: ='Business Result'!E18/'Business Result'!D18 -> 0.65541004 | J18: ='Business Result'!H18/'Business Result'!F18 -> 0.93327254 | K18: ='Business Result'!I18/'Business Result'!E18 -> 0.20505282 | L18: ='Business Result'!J18/'Business Result'!E18 -> 0.21833267 | M18: =SUM(J18+K18+L18) -> 1.356658
A19: Royal Sundaram General Insurance Co Ltd | B19: ='Business Result'!P19 -> 57.89 | C19: 145.99 | D19: =-'Business Result'!N19 -> -0.7 | E19: -19.09 | F19: =SUM(B19:E19) -> 184.09 | G19: 137.01 | H19: ='Business Result'!G19/'Business Result'!D19 -> 0.66616936 | I19: ='Business Result'!E19/'Business Result'!D19 -> 0.78445598 | J19: ='Business Result'!H19/'Business Result'!F19 -> 0.78963311 | K19: ='Business Result'!I19/'Business Result'!E19 -> 0.24537247 | L19: ='Business Result'!J19/'Business Result'!E19 -> 0.11984719 | M19: =SUM(J19+K19+L19) -> 1.1548528
A20: SBI General Insurance Co Ltd | B20: ='Business Result'!P20 -> 369.71 | C20: 413.45 | E20: -64.47 | F20: =SUM(B20:E20) -> 718.69 | G20: 552.97 | H20: ='Business Result'!G20/'Business Result'!D20 -> 0.70299815 | I20: ='Business Result'!E20/'Business Result'!D20 -> 0.63244086 | J20: ='Business Result'!H20/'Business Result'!F20 -> 0.78288251 | K20: ='Business Result'!I20/'Business Result'!E20 -> 0.15333922 | L20: ='Business Result'!J20/'Business Result'!E20 -> 0.16228127 | M20: =SUM(J20+K20+L20) -> 1.098503
A21: Shriram General Insurance Co Ltd | B21: ='Business Result'!P21 -> 650.1 | C21: 157.5 | E21: -7.57 | F21: =SUM(B21:E21) -> 800.03 | G21: 601.05 | H21: ='Business Result'!G21/'Business Result'!D21 -> 0.61467708 | I21: ='Business Result'!E21/'Business Result'!D21 -> 0.87536676 | J21: ='Business Result'!H21/'Business Result'!F21 -> 0.6990266 | K21: ='Business Result'!I21/'Business Result'!E21 -> 0.22182469 | L21: ='Business Result'!J21/'Business Result'!E21 -> 0.10455466 | M21: =SUM(J21+K21+L21) -> 1.0254059
A22: Tata AIG General Insurance Co Ltd | B22: ='Business Result'!P22 -> 1942.38 | C22: 481.9 | D22: =-'Business Result'!N22 -> -1024.62 | E22: -53.4 | F22: =SUM(B22:E22) -> 1346.26 | G22: 1008.01 | H22: ='Business Result'!G22/'Business Result'!D22 -> 0.74868293 | I22: ='Business Result'!E22/'Business Result'!D22 -> 0.56375752 | J22: ='Business Result'!H22/'Business Result'!F22 -> 0.67764609 | K22: ='Business Result'!I22/'Business Result'!E22 -> 0.25898696 | L22: ='Business Result'!J22/'Business Result'!E22 -> 0.17992208 | M22: =SUM(J22+K22+L22) -> 1.1165551
A23: Universal Sompo General Insurance Co Ltd | B23: ='Business Result'!P23 -> 265.92 | C23: 85.74 | D23: =-'Business Result'!N23 -> -3.85 | E23: -44.77 | F23: =SUM(B23:E23) -> 303.04 | G23: 226.28 | H23: ='Business Result'!G23/'Business Result'!D23 -> 0.56419521 | I23: ='Business Result'!E23/'Business Result'!D23 -> 0.5240786 | J23: ='Business Result'!H23/'Business Result'!F23 -> 0.73998854 | K23: ='Business Result'!I23/'Business Result'!E23 -> 0.097378669 | L23: ='Business Result'!J23/'Business Result'!E23 -> 0.14055484 | M23: =SUM(J23+K23+L23) -> 0.97792204
A24: Zuno General Insurance Co Ltd | B24: ='Business Result'!P24 -> -45.33 | C24: 12.06 | D24: =-'Business Result'!N24 -> -8.11 | E24: 0.77 | F24: =SUM(B24:E24) -> -40.61 | G24: -40.61 | H24: ='Business Result'!G24/'Business Result'!D24 -> 0.68451806 | I24: ='Business Result'!E24/'Business Result'!D24 -> 0.55919248 | J24: ='Business Result'!H24/'Business Result'!F24 -> 0.84227731 | K24: ='Business Result'!I24/'Business Result'!E24 -> 0.17422253 | L24: ='Business Result'!J24/'Business Result'!E24 -> 0.22139599 | M24: =SUM(J24+K24+L24) -> 1.2378958
A25: Zurich Kotak Mahindra General Insurance Co Ltd | B25: ='Business Result'!P25 -> -225.62 | C25: 127.69 | D25: =-'Business Result'!N25 -> -172.58 | E25: -8.04 | F25: =SUM(B25:E25) -> -278.55 | G25: -278.55 | H25: ='Business Result'!G25/'Business Result'!D25 -> 0.75863076 | I25: ='Business Result'!E25/'Business Result'!D25 -> 0.74642998 | J25: ='Business Result'!H25/'Business Result'!F25 -> 0.87408869 | K25: ='Business Result'!I25/'Business Result'!E25 -> 0.21279094 | L25: ='Business Result'!J25/'Business Result'!E25 -> 0.26000299 | M25: =SUM(J25+K25+L25) -> 1.3468826
A26: Private Insurers Sub Total | B26: =SUM(B5:B25) -> 8761.21 | C26: =SUM(C5:C25) -> 5480.18 | D26: =SUM(D5:D25) -> -2018.75 | E26: =SUM(E5:E25) -> -762.89 | F26: =SUM(F5:F25) -> 11459.75 | G26: =SUM(G5:G25) -> 8580.29 | H26: ='Business Result'!G26/'Business Result'!D26 -> 0.70834526 | I26: ='Business Result'!E26/'Business Result'!D26 -> 0.62684583 | J26: ='Business Result'!H26/'Business Result'!F26 -> 0.76394949 | K26: ='Business Result'!I26/'Business Result'!E26 -> 0.17774607 | L26: ='Business Result'!J26/'Business Result'!E26 -> 0.16835351 | M26: =SUM(J26+K26+L26) -> 1.1100491
A27: Previous period as on 31.03.2025 | B27: 7724.12 | C27: 5088.26 | D27: -1335.02 | E27: -646.4 | F27: 10830.96 | G27: 8150.24 | H27: 0.71740005 | I27: 0.66001061 | J27: 0.77504269 | K27: 0.16929474 | L27: 0.16908091 | M27: 1.1134183
A29: PSU's
A30: National Insurance Co Ltd | B30: ='Business Result'!P30 -> -855.31 | C30: 0 | D30: =-'Business Result'!N30 -> -1733.14 | E30: 54.74 | F30: =SUM(B30:E30) -> -2533.71 | G30: =F30 -> -2533.71 | H30: ='Business Result'!G30/'Business Result'!D30 -> 0.88247971 | I30: ='Business Result'!E30/'Business Result'!D30 -> 0.87001225 | J30: ='Business Result'!H30/'Business Result'!F30 -> 0.95816695 | K30: ='Business Result'!I30/'Business Result'!E30 -> 0.12046805 | L30: ='Business Result'!J30/'Business Result'!E30 -> 0.32150479 | M30: =J30+K30+L30 -> 1.4001398
A31: The New India Assurance Co Ltd | B31: ='Business Result'!P31 -> -844.89 | C31: 3062.29 | E31: -955.95 | F31: =SUM(B31:E31) -> 1261.45 | G31: 1383.59 | H31: ='Business Result'!G31/'Business Result'!D31 -> 0.8983264 | I31: ='Business Result'!E31/'Business Result'!D31 -> 0.83373843 | J31: ='Business Result'!H31/'Business Result'!F31 -> 0.98647791 | K31: ='Business Result'!I31/'Business Result'!E31 -> 0.09754311 | L31: ='Business Result'!J31/'Business Result'!E31 -> 0.14150556 | M31: =J31+K31+L31 -> 1.2255266
A32: The Oriental Insurance Co Ltd | B32: ='Business Result'!P32 -> -4040.87 | C32: 0 | E32: -250.38 | F32: =SUM(B32:E32) -> -4291.25 | G32: -4061.39 | H32: ='Business Result'!G32/'Business Result'!D32 -> 1.086763 | I32: ='Business Result'!E32/'Business Result'!D32 -> 0.74807988 | J32: ='Business Result'!H32/'Business Result'!F32 -> 1.1329587 | K32: ='Business Result'!I32/'Business Result'!E32 -> 0.079029993 | L32: ='Business Result'!J32/'Business Result'!E32 -> 0.24514672 | M32: =J32+K32+L32 -> 1.4571354
A33: United India Insurance Co Ltd | B33: ='Business Result'!P33 -> -2992.96 | C33: 0 | D33: =-'Business Result'!N33 -> -1766 | E33: -123.51 | F33: =SUM(B33:E33) -> -4882.47 | G33: -4839.28 | H33: ='Business Result'!G33/'Business Result'!D33 -> 0.93514248 | I33: ='Business Result'!E33/'Business Result'!D33 -> 0.86555027 | J33: ='Business Result'!H33/'Business Result'!F33 -> 1.0138668 | K33: ='Business Result'!I33/'Business Result'!E33 -> 0.16356601 | L33: ='Business Result'!J33/'Business Result'!E33 -> 0.26710736 | M33: =J33+K33+L33 -> 1.4445401
A34: PSU's- Sub total | B34: =SUM(B30:B33) -> -8734.03 | C34: =SUM(C30:C33) -> 3062.29 | D34: =SUM(D30:D33) -> -3499.14 | E34: =SUM(E30:E33) -> -1275.1 | F34: =SUM(F30:F33) -> -10445.98 | G34: =SUM(G30:G33) -> -10050.79 | H34: ='Business Result'!G34/'Business Result'!D34 -> 0.94019227 | I34: ='Business Result'!E34/'Business Result'!D34 -> 0.82929554 | J34: ='Business Result'!H34/'Business Result'!F34 -> 1.0137482 | K34: ='Business Result'!I34/'Business Result'!E34 -> 0.11206399 | L34: ='Business Result'!J34/'Business Result'!E34 -> 0.21787776 | M34: =J34+K34+L34 -> 1.3436899
A35: Previous period as on 31.03.2025 | B35: -1318.41 | C35: 2295.62 | D35: 0 | E35: -623.58 | F35: 353.63 | G35: 802.87 | H35: 0.88588462 | I35: 0.86866204 | J35: 0.97301054 | K35: 0.093385956 | L35: 0.14589714 | M35: 1.2122936
A37: General Insurers - Sub total | B37: =B34+B26 -> 27.18 | C37: =C34+C26 -> 8542.47 | D37: =D34+D26 -> -5517.89 | E37: =E34+E26 -> -2037.99 | F37: =F34+F26 -> 1013.77 | G37: =G34+G26 -> -1470.5 | H37: ='Business Result'!G37/'Business Result'!D37 -> 0.7936731 | I37: ='Business Result'!E37/'Business Result'!D37 -> 0.70135443 | J37: ='Business Result'!H37/'Business Result'!F37 -> 0.87307887 | K37: ='Business Result'!I37/'Business Result'!E37 -> 0.14916306 | L37: ='Business Result'!J37/'Business Result'!E37 -> 0.18990508 | M37: =J37+K37+L37 -> 1.212147
A38: Previous period as on 31.03.2025 | B38: =B27+B35 -> 6405.71 | C38: =C27+C35 -> 7383.88 | D38: =D27+D35 -> -1335.02 | E38: =E27+E35 -> -1269.98 | F38: =F27+F35 -> 11184.59 | G38: =G27+G35 -> 8953.11 | H38: ='Business Result'!G38/'Business Result'!D38 -> 0.7806076 | I38: ='Business Result'!E38/'Business Result'!D38 -> 0.71404779 | J38: ='Business Result'!H38/'Business Result'!F38 -> 0.86209375 | K38: ='Business Result'!I38/'Business Result'!E38 -> 0.1355179 | L38: ='Business Result'!J38/'Business Result'!E38 -> 0.15876491 | M38: =SUM(J38+K38+L38) -> 1.1563766
A40: Stand-alone Health Insurers
A41: Aditya Birla Health Insurance Co Ltd | B41: ='Business Result'!P41 -> -19.03 | C41: 73.67 | D41: =-'Business Result'!N41 -> -5.92 | E41: -6.62 | F41: =SUM(B41:E41) -> 42.1 | G41: 42.1 | H41: ='Business Result'!G41/'Business Result'!D41 -> 0.59058472 | I41: ='Business Result'!E41/'Business Result'!D41 -> 0.72955724 | J41: ='Business Result'!H41/'Business Result'!F41 -> 0.76314482 | K41: ='Business Result'!I41/'Business Result'!E41 -> 0.070375843 | L41: ='Business Result'!J41/'Business Result'!E41 -> 0.19938656 | M41: =SUM(J41+K41+L41) -> 1.0329072
A42: Care Health Insurance Ltd | B42: ='Business Result'!P42 -> -151.21 | C42: 189.2 | D42: =-'Business Result'!N42 -> -9.91 | E42: -10.27 | F42: =SUM(B42:E42) -> 17.81 | G42: 12.16 | H42: ='Business Result'!G42/'Business Result'!D42 -> 0.63311013 | I42: ='Business Result'!E42/'Business Result'!D42 -> 0.74187847 | J42: ='Business Result'!H42/'Business Result'!F42 -> 0.69610416 | K42: ='Business Result'!I42/'Business Result'!E42 -> 0.19187887 | L42: ='Business Result'!J42/'Business Result'!E42 -> 0.17944703 | M42: =SUM(J42+K42+L42) -> 1.0674301
A43: Galaxy Health Insurance Company Ltd | B43: ='Business Result'!P43 -> -3.37 | C43: 12.2 | D43: =-'Business Result'!N43 -> -112.08 | E43: 0 | F43: =SUM(B43:E43) -> -103.25 | G43: -103.25 | H43: ='Business Result'!G43/'Business Result'!D43 -> 0.19144053 | I43: ='Business Result'!E43/'Business Result'!D43 -> 0.95173485 | J43: ='Business Result'!H43/'Business Result'!F43 -> 0.34343949 | K43: ='Business Result'!I43/'Business Result'!E43 -> 0.17341655 | L43: ='Business Result'!J43/'Business Result'!E43 -> 1.0452514 | M43: =SUM(J43+K43+L43) -> 1.5621075
A44: ManipalCigna Health Insurance Co Ltd | B44: ='Business Result'!P44 -> -399.14 | C44: 58.53 | E44: -67.27 | F44: =SUM(B44:E44) -> -407.88 | G44: -407.88 | H44: ='Business Result'!G44/'Business Result'!D44 -> 0.75901411 | I44: ='Business Result'!E44/'Business Result'!D44 -> 0.96334997 | J44: ='Business Result'!H44/'Business Result'!F44 -> 0.85660467 | K44: ='Business Result'!I44/'Business Result'!E44 -> 0.15375709 | L44: ='Business Result'!J44/'Business Result'!E44 -> 0.19739231 | M44: =SUM(J44+K44+L44) -> 1.2077541
A45: Niva Bupa Health Insurance Company Ltd. | B45: ='Business Result'!P45 -> -60.22 | C45: 222.36 | D45: =-'Business Result'!N45 -> -1.34 | E45: -33.99 | F45: =SUM(B45:E45) -> 126.81 | G45: 130.78 | H45: ='Business Result'!G45/'Business Result'!D45 -> 0.59047138 | I45: ='Business Result'!E45/'Business Result'!D45 -> 0.79272809 | J45: ='Business Result'!H45/'Business Result'!F45 -> 0.68109309 | K45: ='Business Result'!I45/'Business Result'!E45 -> 0.1802389 | L45: ='Business Result'!J45/'Business Result'!E45 -> 0.17256806 | M45: =SUM(J45+K45+L45) -> 1.0339
A46: Narayana Health Insurance Ltd | B46: ='Business Result'!P46 -> -11.08 | C46: 3.59 | D46: =-'Business Result'!N46 -> -12.75 | E46: - | F46: =SUM(B46:E46) -> -20.24 | G46: -20.24 | H46: ='Business Result'!G46/'Business Result'!D46 -> 0.15761861 | I46: ='Business Result'!E46/'Business Result'!D46 -> 0.96008212 | J46: ='Business Result'!H46/'Business Result'!F46 -> 0.89969231 | K46: ='Business Result'!I46/'Business Result'!E46 -> 0.024233785 | L46: ='Business Result'!J46/'Business Result'!E46 -> 0.63839392 | M46: =SUM(J46+K46+L46) -> 1.56232
A47: Star Health & Allied Insurance Co Ltd | B47: ='Business Result'!P47 -> 362.61 | C47: 461 | D47: =-'Business Result'!N47 -> -5.91 | E47: -63.37 | F47: =SUM(B47:E47) -> 754.33 | G47: 556.98 | H47: ='Business Result'!G47/'Business Result'!D47 -> 0.64819095 | I47: ='Business Result'!E47/'Business Result'!D47 -> 0.94782117 | J47: ='Business Result'!H47/'Business Result'!F47 -> 0.68538666 | K47: ='Business Result'!I47/'Business Result'!E47 -> 0.15146131 | L47: ='Business Result'!J47/'Business Result'!E47 -> 0.16769338 | M47: =SUM(J47+K47+L47) -> 1.0045414
A48: Stand Alone Health Cos Sub Total | B48: =SUM(B41:B47) -> -281.44 | C48: =SUM(C41:C47) -> 1020.55 | D48: =SUM(D41:D47) -> -147.91 | E48: =SUM(E41:E47) -> -181.52 | F48: =SUM(F41:F47) -> 409.68 | G48: =SUM(G41:G47) -> 210.65 | H48: ='Business Result'!G48/'Business Result'!D48 -> 0.62999436 | I48: ='Business Result'!E48/'Business Result'!D48 -> 0.84326882 | J48: ='Business Result'!H48/'Business Result'!F48 -> 0.70552438 | K48: ='Business Result'!I48/'Business Result'!E48 -> 0.15412464 | L48: ='Business Result'!J48/'Business Result'!E48 -> 0.18020685 | M48: =SUM(J48+K48+L48) -> 1.0398559
A49: Previous period as on 31.03.2025 | B49: 579.95 | C49: 1019.94 | D49: -454.37 | E49: -104.34 | F49: 1041.18 | G49: 758.15 | H49: 0.61684576 | I49: 0.86297839 | J49: 0.68059806 | K49: 0.16160252 | L49: 0.18740931 | M49: 1.0296099
A51: General Insurers including SAHI Companies | B51: =SUM(B37+B48) -> -254.26 | C51: =SUM(C37+C48) -> 9563.02 | D51: =SUM(D37+D48) -> -5665.8 | E51: =SUM(E37+E48) -> -2219.51 | F51: =SUM(F37+F48) -> 1423.45 | G51: =SUM(G37+G48) -> -1259.85 | H51: ='Business Result'!G51/'Business Result'!D51 -> 0.77108867 | I51: ='Business Result'!E51/'Business Result'!D51 -> 0.72093581 | J51: ='Business Result'!H51/'Business Result'!F51 -> 0.84734119 | K51: ='Business Result'!I51/'Business Result'!E51 -> 0.14996383 | L51: ='Business Result'!J51/'Business Result'!E51 -> 0.18833985 | M51: =SUM(J51+K51+L51) -> 1.1856449
A52: Previous period as on 31.03.2025 | B52: =B38+B49 -> 6985.66 | C52: =C38+C49 -> 8403.82 | D52: =D38+D49 -> -1789.39 | E52: =E38+E49 -> -1374.32 | F52: =F38+F49 -> 12225.77 | G52: =G38+G49 -> 9711.26 | H52: ='Business Result'!G52/'Business Result'!D52 -> 0.7600152 | I52: ='Business Result'!E52/'Business Result'!D52 -> 0.73115186 | J52: ='Business Result'!H52/'Business Result'!F52 -> 0.83657951 | K52: ='Business Result'!I52/'Business Result'!E52 -> 0.13933141 | L52: ='Business Result'!J52/'Business Result'!E52 -> 0.16295266 | M52: =SUM(J52+K52+L52) -> 1.1388636
A54: Specialized Companies
A55: Agriculture Insurance Co Of India Ltd | B55: ='Business Result'!P55 -> 995.9 | C55: 311.72 | E55: =-47.9+13.18 -> -34.72 | F55: =SUM(B55:E55) -> 1272.9 | G55: 935.47 | H55: ='Business Result'!G55/'Business Result'!D55 -> 0.8954483 | I55: ='Business Result'!E55/'Business Result'!D55 -> 0.59331526 | J55: ='Business Result'!H55/'Business Result'!F55 -> 0.97296192 | K55: ='Business Result'!I55/'Business Result'!E55 -> -0.058760097 | L55: ='Business Result'!J55/'Business Result'!E55 -> 0.07670842 | M55: =SUM(J55+K55+L55) -> 0.99091024
A56: ECGC Ltd | B56: ='Business Result'!P56 -> 759.25 | C56: 979.27 | E56: -51.91 | F56: =SUM(B56:E56) -> 1686.61 | G56: 1277.12 | H56: ='Business Result'!G56/'Business Result'!D56 -> 0.47447417 | I56: ='Business Result'!E56/'Business Result'!D56 -> 0.83188382 | J56: ='Business Result'!H56/'Business Result'!F56 -> 0.33129546 | K56: ='Business Result'!I56/'Business Result'!E56 -> -0.011764609 | L56: ='Business Result'!J56/'Business Result'!E56 -> 0.32168956 | M56: =SUM(J56+K56+L56) -> 0.6412204
A57: Total - Specialized companies | B57: =SUM(B55:B56) -> 1755.15 | C57: =SUM(C55:C56) -> 1290.99 | E57: =SUM(E55:E56) -> -86.63 | F57: =SUM(F55:F56) -> 2959.51 | G57: =SUM(G55:G56) -> 2212.59 | H57: ='Business Result'!G57/'Business Result'!D57 -> 0.84410024 | I57: ='Business Result'!E57/'Business Result'!D57 -> 0.62241451 | J57: ='Business Result'!H57/'Business Result'!F57 -> 0.8700109 | K57: ='Business Result'!I57/'Business Result'!E57 -> -0.051098704 | L57: ='Business Result'!J57/'Business Result'!E57 -> 0.11664623 | M57: =SUM(J57+K57+L57) -> 0.93555843
A58: Previous period as on 31.03.2025 | B58: 3450.55 | C58: 1066.21 | D58: 0 | E58: 50.63 | F58: 4567.39 | G58: 3444.2 | H58: 0.65550577 | I58: 0.54338276 | J58: 0.54989662 | K58: -0.031183161 | L58: 0.13909161 | M58: 0.65780507
A60: Industry Total | B60: =B51+B57 -> 1500.89 | C60: =C51+C57 -> 10854.01 | D60: =D51+D57 -> -5665.8 | E60: =E51+E57 -> -2306.14 | F60: =F51+F57 -> 4382.96 | G60: =G51+G57 -> 952.74 | H60: ='Business Result'!G60/'Business Result'!D60 -> 0.77355653 | I60: ='Business Result'!E60/'Business Result'!D60 -> 0.7176057 | J60: ='Business Result'!H60/'Business Result'!F60 -> 0.84801722 | K60: ='Business Result'!I60/'Business Result'!E60 -> 0.14406923 | L60: ='Business Result'!J60/'Business Result'!E60 -> 0.18623799 | M60: =SUM(J60+K60+L60) -> 1.1783244
A61: Previous period as on 31.03.2025 | B61: =B52+B58 -> 10436.21 | C61: =C52+C58 -> 9470.03 | D61: =D52+D58 -> -1789.39 | E61: =E52+E58 -> -1323.69 | F61: =F52+F58 -> 16793.16 | G61: =G52+G58 -> 13155.46 | H61: ='Business Result'!G61/'Business Result'!D61 -> 0.75637103 | I61: ='Business Result'!E61/'Business Result'!D61 -> 0.72443078 | J61: ='Business Result'!H61/'Business Result'!F61 -> 0.82884631 | K61: ='Business Result'!I61/'Business Result'!E61 -> 0.13491251 | L61: ='Business Result'!J61/'Business Result'!E61 -> 0.1623343 | M61: =SUM(J61+K61+L61) -> 1.1260931
A62: % Change over previous period | B62: =(B60-B61)/B61 -> -0.85618438 | C62: =(C60-C61)/C61 -> 0.14614315 | E62: =(E60-E61)/E61 -> 0.7422055 | F62: =(F60-F61)/F61 -> -0.73900326 | G62: =(G60-G61)/G61 -> -0.92757836

Sheet Industry Infrastructure
A1: FINANCIAL HIGHLIGHTS FOR THE PERIOD ENDED 31st MARCH 2026
A2: Particulars | B2: No. of Employees | C2: No.of Agents | D2: No. of Offices | E2: No.of Policies | F2: No.of Point of Sale Personnel | G2: FDI (Rs Cr) | H2: Capital & Free Reserves (*) | I2: Carry forward losses | J2: Solvency Ratio | K2: Investments in infrastructure/ social Sectors
A3: General Insurers
A4: Acko General Insurance Ltd | B4: 623 | C4: 73 | D4: 12 | E4: 3938902 | F4: 0 | G4: 0 | H4: 2850.54 | I4: =-(2006.53) -> -2006.53 | J4: 1.88 | K4: 680.24
A5: Bajaj General Insurance Limited | B5: 12771 | C5: 72804 | D5: 225 | E5: 37270222 | F5: 92379 | G5: 0 | H5: 12360.46 | I5: 0 | J5: 3.02 | K5: 10745.75
A6: Cholamandalam MS General Insurance Co Ltd | B6: 2182 | C6: 11542 | D6: 152 | E6: 11252707 | F6: 24314 | G6: 119.52 | H6: 3020.67 | J6: 1.96 | K6: 6746.5
A7: Generali Central Insurance Company Limited | B7: 3337 | C7: 11959 | D7: 166 | E7: 2596162 | F7: 30093 | G7: 1067.57 | H7: 1573.66 | J7: 1.96 | K7: 2133.22
A8: Go Digit General Insurance Ltd | B8: 4888 | C8: 3342 | D8: 102 | E8: 16747180 | F8: 75982 | G8: 0 | H8: 4640.85 | J8: 2.42 | K8: 7240.75
A9: HDFC Ergo General Insurance Co Ltd | B9: 11553 | C9: 81772 | D9: 256 | E9: 43045995 | F9: 60649 | G9: 358.96 | H9: 5722.41 | J9: 2.07 | K9: 8703.52
A10: ICICI Lombard General Insurance Co Ltd | B10: 16447 | C10: 74664 | D10: 341 | E10: 39270876 | F10: 82763 | G10: 112.15 | H10: 16806.92 | J10: 2.67 | K10: 12449.73
A11: IFFCO-Tokio General Insurance Co Ltd | B11: 4779 | C11: 13903 | D11: 388 | E11: 8350929 | F11: 27870 | G11: 141.03 | H11: 4376.42 | J11: 1.91 | K11: 4301
A12: IndusInd General Insurance Company Limited | B12: 7598 | C12: 48219 | D12: 128 | E12: 11215727 | F12: 76764 | G12: 0 | H12: 3894.93 | J12: 1.73 | K12: 5152.75
A13: Kshema General insurance | B13: 835 | C13: 44 | D13: 10 | E13: 11264837 | F13: 0 | G13: 0 | H13: 270.35 | I13: -0.24 | J13: 1.82 | K13: 55.4
A14: Liberty General Insurance Co. Ltd | B14: 1402 | C14: 3176 | D14: 96 | E14: 2941405 | F14: 15937 | G14: 935.54 | H14: 2703.35 | I14: -1437.24 | J14: 1.61 | K14: 1934.92
A15: Magma General Insurance Limited | B15: 1858 | C15: 4630 | D15: 96 | E15: 1179161 | F15: 16645 | G15: 0 | H15: 1657.29 | I15: -423.72 | J15: 1.74 | K15: 2781.22
A16: Navi General Insurance Co. Ltd | B16: 155 | C16: 12 | D16: 3 | E16: 647512 | F16: 0 | G16: 0 | H16: 496.99 | I16: -157.16 | J16: 3.83 | K16: 168.4
A17: Raheja QBE General Insurance Co Ltd | B17: 220 | C17: 18 | D17: 12 | E17: 83850 | F17: 507 | G17: 262.1 | H17: 790.26 | I17: -491.37 | J17: 1.71 | K17: 349.85
A18: Royal Sundaram General Insurance Co Ltd | B18: 1937 | C18: 10091 | D18: 139 | E18: 2700595 | F18: 32976 | G18: 179.6 | H18: 1824.93 | J18: 2.21 | K18: 2608.43
A19: SBI General Insurance Co Ltd | B19: 9712 | C19: 25159 | D19: 182 | E19: 29299010 | F19: 34151 | G19: 13.74 | H19: 5163.27 | J19: 1.9 | K19: 7210.84
A20: Shriram General Insurance Co Ltd | B20: 4293 | C20: 3287 | D20: 289 | E20: 6491918 | F20: 102207 | G20: 113.14 | H20: 2951.18 | J20: 2.95 | K20: 4975.96
A21: Tata AIG General Insurance Co Ltd | B21: 10793 | C21: 73291 | D21: 266 | E21: 17708053 | F21: 44052 | G21: 386.53 | H21: 6491.28 | J21: 1.91 | K21: 7014.65
A22: Universal Sompo General Insurance Co Ltd | B22: 2094 | C22: 5018 | D22: 141 | E22: 4301760 | F22: 19607 | G22: 127.44 | H22: 1843.96 | J22: 1.83 | K22: 1920.34
A23: Zuno General Insurance Co Ltd | B23: 532 | C23: 885 | D23: 10 | E23: 872901 | F23: 2158 | G23: 0 | H23: 1084 | I23: -721.71 | J23: 1.57 | K23: 436.01
A24: Zurich Kotak Mahindra General Insurance Co Ltd | B24: 1745 | C24: 7274 | D24: 40 | E24: 1709251 | F24: 8080 | G24: 750.91 | H24: 2326.64 | I24: -744.54 | J24: 3.15 | K24: 1584.24
A25: Private Insurers Sub Total | B25: =SUM(B4:B24) -> 99754 | C25: =SUM(C4:C24) -> 451163 | D25: =SUM(D4:D24) -> 3054 | E25: =SUM(E4:E24) -> 252888953 | F25: =SUM(F4:F24) -> 747134 | G25: =SUM(G4:G24) -> 4568.23 | H25: =SUM(H4:H24) -> 82850.36 | I25: =SUM(I4:I24) -> -5982.51 | K25: =SUM(K4:K24) -> 89193.72
A26: Previous period as on 31.03.2025 | B26: 101696 | C26: 409744 | D26: 3063 | E26: 247299064 | F26: 688385 | G26: 3131.7 | H26: 75591.06 | I26: 5716.23 | K26: 77505.63
A28: PSU's
A29: National Insurance Co Ltd | B29: 6911 | C29: 69039 | D29: 862 | E29: 12164256 | F29: 17484 | G29: 0 | H29: 9375 | I29: -13442.73 | J29: -1.11 | K29: 5306.94
A30: The New India Assurance Co Ltd | B30: 10405 | C30: 126055 | D30: 1594 | E30: 29926596 | F30: 4562 | G30: 0 | H30: 21122.62 | I30: 0 | J30: 1.84 | K30: 17021.08
A31: The Oriental Insurance Co Ltd | B31: 5385 | C31: 51293 | D31: 969 | E31: 6849807 | F31: 14545 | G31: 0 | H31: 4620 | I31: -12368.86 | J31: -1.63 | K31: 5122.7
A32: United India Insurance Co Ltd | B32: 8114 | C32: 94767 | D32: 1294 | E32: 20175592 | F32: 5218 | G32: 0 | H32: 3905 | I32: -10148.14 | J32: -1.36 | K32: 7602.18
A33: PSU's- Sub total | B33: =SUM(B29:B32) -> 30815 | C33: =SUM(C29:C32) -> 341154 | D33: =SUM(D29:D32) -> 4719 | E33: =SUM(E29:E32) -> 69116251 | F33: =SUM(F29:F32) -> 41809 | G33: =SUM(G29:G32) -> 0 | H33: =SUM(H29:H32) -> 39022.62 | I33: =SUM(I29:I32) -> -35959.73 | K33: =SUM(K29:K32) -> 35052.9
A34: Previous period as on 31.03.2025 | B34: 33124 | C34: 336279 | D34: 4942 | E34: 68326992 | F34: 104033 | G34: 0 | H34: 37935.67 | I34: -24513.44 | K34: 31073.32
A36: General Insurers - Sub total | B36: =B33+B25 -> 130569 | C36: =C33+C25 -> 792317 | D36: =D33+D25 -> 7773 | E36: =E33+E25 -> 322005204 | F36: =F33+F25 -> 788943 | G36: =G33+G25 -> 4568.23 | H36: =H33+H25 -> 121872.98 | I36: =I33+I25 -> -41942.24 | K36: =K33+K25 -> 124246.62
A37: Previous period as on 31.03.2025 | B37: 134820 | C37: 746023 | D37: 8005 | E37: 315626056 | F37: 792418 | G37: 3131.7 | H37: 113526.73 | I37: -30764.47 | K37: 108578.95
A39: Stand-alone Health Insurers
A40: Aditya Birla Health Insurance Co Ltd | B40: 7254 | C40: 173619 | D40: 231 | E40: 1264214 | F40: 14394 | G40: 302.96 | H40: 3471.96 | I40: -1650.69 | J40: 1.66 | K40: 1069.9
A41: Care Health Insurance Ltd | B41: 13501 | C41: 411648 | D41: 277 | E41: 3864540 | F41: 75456 | G41: 0 | H41: 2666.1 | J41: 1.68 | K41: 4824.01
A42: Galaxy Health Insurance Company Ltd | B42: 2106 | C42: 13036 | D42: 73 | E42: 358958 | F42: 1465 | G42: 0 | H42: 400.25 | I42: -162.28 | J42: 4.64 | K42: 78.41
A43: ManipalCigna Health Insurance Co Ltd | B43: 3811 | C43: 105836 | D43: 124 | E43: 0 | F43: 0 | G43: 972.26 | H43: 3040.65 | I43: -2189.71 | J43: 1.84 | K43: 1068.47
A44: Niva bupa health insurance company limited | B44: 10191 | C44: 238638 | D44: 210 | E44: 2737268 | F44: 36841 | G44: 1264.11 | H44: 3806.64 | I44: -587.67 | J44: 2.49 | K44: 3780.38
A45: Narayana Health Insurance Ltd | B45: 125 | C45: 0 | D45: 4 | E45: 5762 | F45: 0 | G45: 0 | H45: 122.05 | I45: -38.63 | J45: 1.67 | K45: 0
A46: Star Health & Allied Insurance Co Ltd | B46: 18566 | C46: 833813 | D46: 924 | E46: 9345901 | F46: 8451 | G46: 91.64 | H46: 7589.23 | J46: 2.05 | K46: 3326.54
A47: Stand Alone Health Cos Sub Total | B47: =SUM(B40:B46) -> 55554 | C47: =SUM(C40:C46) -> 1776590 | D47: =SUM(D40:D46) -> 1843 | E47: =SUM(E40:E46) -> 17576643 | F47: =SUM(F40:F46) -> 136607 | G47: =SUM(G40:G46) -> 2630.97 | H47: =SUM(H40:H46) -> 21096.88 | I47: =SUM(I40:I46) -> -4628.98 | K47: =SUM(K40:K46) -> 14147.71
A48: Previous period as on 31.03.2025 | B48: 50923 | C48: 1552254 | D48: 1790 | E48: 15715304 | F48: 101834 | G48: 2136.81 | H48: 18996.35 | I48: -4270.49 | K48: 12216.64
A50: General Insurers including SAHI Companies | B50: =SUM(B47+B36) -> 186123 | C50: =SUM(C47+C36) -> 2568907 | D50: =SUM(D47+D36) -> 9616 | E50: =SUM(E47+E36) -> 339581847 | F50: =SUM(F47+F36) -> 925550 | G50: =SUM(G47+G36) -> 7199.2 | H50: =SUM(H47+H36) -> 142969.86 | I50: =SUM(I47+I36) -> -46571.22 | K50: =SUM(K47+K36) -> 138394.33
A51: Previous period as on 31.03.2025 | B51: =B37+B48 -> 185743 | C51: =C37+C48 -> 2298277 | D51: =D37+D48 -> 9795 | E51: =E37+E48 -> 331341360 | F51: =F37+F48 -> 894252 | G51: =G37+G48 -> 5268.51 | H51: =H37+H48 -> 132523.08 | I51: =I37+I48 -> -35034.96 | K51: =K37+K48 -> 120795.59
A53: Specialized Companies
A54: Agriculture Insurance Co Of India Ltd | B54: 3490 | C54: 126 | D54: 22 | E54: 63985167 | F54: 2387 | G54: 0 | H54: 9765.11 | J54: 4.42 | K54: 3785.38
A55: ECGC Ltd | B55: 588 | C55: 0 | D55: 46 | E55: 12422 | F55: 0 | G55: 0 | H55: 14268.07 | J55: 56.64 | K55: 3959.92
A56: Total - Specialized companies | B56: =SUM(B54:B55) -> 4078 | C56: =SUM(C54:C55) -> 126 | D56: =SUM(D54:D55) -> 68 | E56: =SUM(E54:E55) -> 63997589 | F56: =SUM(F54:F55) -> 2387 | G56: =SUM(G54:G55) -> 0 | H56: =SUM(H54:H55) -> 24033.18 | I56: =SUM(I54:I55) -> 0 | K56: =SUM(K54:K55) -> 7745.3
A57: Previous period as on 31.03.2025 | B57: 3610 | C57: 430 | D57: 67 | E57: 58107917 | F57: 1226 | G57: 0 | H57: 21704.4 | I57: 0 | K57: 7187.45
A59: Industry Total | B59: =B56+B50 -> 190201 | C59: =C56+C50 -> 2569033 | D59: =D56+D50 -> 9684 | E59: =E56+E50 -> 403579436 | F59: =F56+F50 -> 927937 | G59: =G56+G50 -> 7199.2 | H59: =H56+H50 -> 167003.04 | I59: =I56+I50 -> -46571.22 | K59: =K56+K50 -> 146139.63
A60: Previous period as on 31.03.2025 | B60: =B57+B51 -> 189353 | C60: =C57+C51 -> 2298707 | D60: =D57+D51 -> 9862 | E60: =E57+E51 -> 389449277 | F60: =F57+F51 -> 895478 | G60: =G57+G51 -> 5268.51 | H60: =H57+H51 -> 154227.48 | I60: =I57+I51 -> -35034.96 | K60: =K57+K51 -> 127983.04
A61: % Change over previous period | B61: =(B59-B60)/B60 -> 0.0044784081 | C61: =(C59-C60)/C60 -> 0.11759915 | D61: =(D59-D60)/D60 -> -0.018049077 | E61: =(E59-E60)/E60 -> 0.036282412 | F61: =(F59-F60)/F60 -> 0.03624768 | G61: =(G59-G60)/G60 -> 0.36645845 | H61: =(H59-H60)/H60 -> 0.082835821 | I61: =(I59-I60)/I60 -> 0.32927853 | K61: =(K59-K60)/K60 -> 0.14186716
